Match 41215864
Unlisted

Match 41215864
End
Panzergrenadier Squad
Selects Panzerjäger Kommand Battlegroup
Selects Mine Fields
Panzerpioneer Squad
250 Light Carrier
Panzergrenadier Squad
Construct Light Support Kompanie
MG34 Team
Fire Support Elements
Panzerjäger Mechanized Group
Flakvierling Half-track
2.5-tonne Medical Truck
Assault Grenadier Squad
Selects Tank Busters
Selects Early Warning
Selects Crew Shock Tactics
Veteran Squad Leaders
Vehicle Survival Package
Construct Panzerarmee Kommand
Assault Mechanized Group
Selects Butterfly Bomb Drop
Butterfly Bomb Drop
Flakvierling Half-track
Construct Panzerarmee Kommand
Walking Stuka Rocket Launcher
Walking Stuka Rocket Launcher
Panzerjäger Mechanized Group
Butterfly Bomb Drop
Panzerjäger Mechanized Group
StingraY
Avrae
General
Geoker81
ryper59
Pitikipik
0
0

Comments sign in to comment!

No comments posted yet!